 Dungeon Crawl Stone Soup version 0.26-a0-631-ged93497179 (webtiles) character file.

Game seed: 14888732704063706563

2170 IcyTea the Frost Mage (level 9, -1/62 HPs)
             Began as a Black Draconian Ice Elementalist on Sept 12, 2020.
             Was an Initiate of Gozag.
             Slain by a hornet zombie (11 damage)
             ... on level 7 of the Dungeon.
             The game lasted 00:36:02 (8384 turns).

IcyTea the Frost Mage (DrIE)                        Turns: 8384, Time: 00:36:03

Health: -1/62      AC: 10    Str: 12    XL:     9   Next: 11%
Magic:  25/25      EV: 12    Int: 18    God:    Gozag
Gold:   338        SH:  0    Dex: 11    Spells: 6/18 levels left

rFire    . . .     SeeInvis .   a - +5 long sword
rCold    . . .     Faith    .   (no shield)
rNeg     . . .     Spirit   .   (armour unavailable)
rPois    .         Reflect  .   (helmet restricted)
rElec    +         Harm     .   A - +0 cloak
rCorr    .         Rampage  .   q - +0 pair of gloves
MR       .....                  k - +0 pair of boots
Stlth    ++........             (no amulet)
HPRegen  0.20/turn              s - ring of magical power
MPRegen  0.19/turn              (no ring)

@: gold aura, lightly drained
A: breathe lightning, unfitting armour, electricity resistance, cold-blooded, AC
+7
a: Breathe Lightning, Potion Petition, Call Merchant, Bribe Branch, Renounce
Religion


You were on level 7 of the Dungeon.
You worshipped Gozag.
Gozag was aware of your devotion.
You visited 2 branches of the dungeon, and saw 8 of its levels.

You collected 409 gold pieces.
You paid 71 gold pieces to Gozag.

Inventory:

Hand Weapons
 a - a +5 long sword (weapon)
 z - a +3 quarterstaff of chaos
Missiles
 g - 16 boomerangs
 n - 2 throwing nets
 r - 7 poisoned darts (quivered)
Armour
 k - a +0 pair of boots (worn)
 q - a +0 pair of gloves (worn)
 A - a +0 cloak (worn)
 D - a +2 kite shield
Jewellery
 c - an uncursed ring of fire
 s - a ring of magical power (left hand)
Wands
 e - a wand of acid (8)
 p - a wand of random effects (23)
 t - a wand of enslavement (12)
 v - a wand of paralysis (9)
 x - a wand of polymorph (12)
Scrolls
 h - 2 scrolls of blinking
 j - 2 scrolls of teleportation {unknown}
 l - 7 scrolls of remove curse
 o - 2 scrolls of enchant weapon
Potions
 b - 2 potions of curing
 d - 3 potions of stabbing
 f - a potion of invisibility
 i - 2 potions of flight
 m - a potion of brilliance {unknown}
 u - a potion of magic {unknown}
 w - 2 potions of degeneration {unknown}
 B - a potion of haste {unknown}
 C - a potion of might {unknown}


   Skills:
 + Level 2.9(2.5) Long Blades
   Level 0.1(0.0) Maces & Flails
 - Level 1.7(1.4) Dodging
 - Level 1.7(1.3) Stealth
 - Level 2.9(2.5) Shields
 - Level 5.0(4.5) Spellcasting
 - Level 4.0(3.6) Conjurations
 - Level 4.0(3.6) Summonings
 - Level 9.0(8.5) Ice Magic


You had 6 spell levels left.
You knew the following spells:

 Your Spells              Type           Power        Failure   Level
a - Freeze                Ice            ####         1%          1
b - Ozocubu's Armour      Ice            ####....     1%          3
c - Summon Ice Beast      Ice/Summ       ####....     12%         4
d - Hailstorm             Conj/Ice       ####....     12%         4

Your spell library contained the following spells:

 Spells                   Type           Power        Failure   Level
 Frozen Ramparts          Ice            ####..       1%          3


Dungeon Overview and Level Annotations

Branches:
Dungeon (7/15)             Temple (1/1) D:6

Altars:
Ashenzari
Cheibriados
Dithmenos
Elyvilon
Fedhas
Gozag
Hepliaklqana
Kikubaaqudgha
Makhleb
Nemelex Xobeh
Qazlal
Ru
Trog
Uskayaw
Vehumet
Wu Jian
Xom
Yredelemnul
The Shining One

Shops:
D:5 [


Innate Abilities, Weirdness & Mutations

You can breathe wild blasts of lightning.
Your glossy black scales are hard. (AC +7)
You cannot fit into any form of body armour.
You are resistant to electric shocks. (rElec)
You are cold-blooded and may be slowed by cold attacks.


Message History

The bullfrog is almost dead.
The bullfrog hits you but does no damage.
The hornet zombie hits you. The bullfrog closely misses you.
The hornet zombie hits you.
You slash the bullfrog!
You kill the bullfrog!
The hornet zombie hits you. The hornet zombie hits you!
You barely miss the hornet zombie. The hornet zombie hits you!
* * * LOW HITPOINT WARNING * * *
You slash the hornet zombie!
The hornet zombie is lightly damaged.
The hornet zombie becomes distracted by the nearby gold, dreaming of imaginary riches.
You barely miss the hornet zombie.
The hornet zombie is no longer distracted by gold.
The hornet zombie is lightly damaged.
The hornet zombie barely misses you. The hornet zombie hits you.
* * * LOW HITPOINT WARNING * * *
The hornet zombie hits you!
You die...
Your body crumbles into a pile of gold.

.... ..... ###
..... ..##....
###.....##.
#..........
#..........
#...$......
##.@Z.......
#...<.[.....
...............
................
................
.>.....<...>##..
............# ##
............#
###........#


You could see a hornet zombie.

Vanquished Creatures
  Sigmund (D:6)
  Eustachio (D:6)
  An ice beast (D:5)
  An orc warrior (D:6)
  4 ogres
  3 bullfrogs
  A scorpion (D:4)
  6 wights
  A howler monkey (D:4)
  3 vampire bats (D:5)
  A bullfrog zombie (D:5)
  A jelly (D:5)
  2 orc priests (D:5)
  A hound (D:4)
  2 iguanas
  3 orc wizards
  4 worker ants
  A hound skeleton (D:5)
  6 adders
  7 gnolls
  A howler monkey skeleton (D:6)
  2 white imps
  2 oozes (D:1)
  An adder zombie (D:6)
  An adder skeleton (D:5)
  6 worms
  3 leopard geckos
  19 orcs
  3 bat skeletons (D:5)
  4 bat zombies (D:5)
  5 giant cockroaches
  7 goblins
  10 hobgoblins
  4 jackals (D:6)
  4 quokkas
  2 ball pythons
  11 bats
  7 frilled lizards
  5 kobolds
  A leopard gecko skeleton (D:5)
  7 rats
155 creatures vanquished.

Vanquished Creatures (collateral kills)
  A wight (D:6)
1 creature vanquished.

Grand Total: 156 creatures vanquished

Notes
Turn   | Place    | Note
-------+----------+-------------------------------------------
     0 | D:1      | IcyTea the Draconian Ice Elementalist began the quest for
                  | the Orb.
     0 | D:1      | Reached XP level 1. HP: 14/14 MP: 3/3
   206 | D:1      | Reached XP level 2. HP: 17/20 MP: 5/5
   740 | D:1      | Reached skill level 5 in Ice Magic
   788 | D:1      | Reached XP level 3. HP: 26/26 MP: 6/6
   793 | D:1      | Learned a level 3 spell: Ozocubu's Armour
  1433 | D:2      | Found a white marble altar of Elyvilon.
  1501 | D:2      | Reached XP level 4. HP: 32/33 MP: 7/7
  1786 | D:2      | Found an ornate altar of the Wu Jian Council.
  2500 | D:3      | Reached skill level 6 in Ice Magic
  3013 | D:4      | Reached XP level 5. HP: 36/38 MP: 2/8
  3101 | D:4      | Learned a level 4 spell: Summon Ice Beast
  3126 | D:4      | Reached skill level 7 in Ice Magic
  3218 | D:4      | Noticed an ogre
  3420 | D:4      | Killed an ogre
  3420 | D:4      | Reached XP level 6. HP: 45/45 MP: 9/9
  3777 | D:4      | Found a hazy altar of Hepliaklqana.
  3786 | D:4      | Found a glowing golden altar of the Shining One.
  4051 | D:4      | Found a runed translucent door.
  4052 | D:4      | Noticed Crazy Yiuf
  4206 | D:4      | Noticed Crazy Yiuf
  4206 | D:4      | Crazy Yiuf changed into Crazy Yiuf the scorpion
  4209 | D:4      | Killed Crazy Yiuf the scorpion
  4209 | D:4      | Reached skill level 8 in Ice Magic
  4350 | D:5      | Entered Level 5 of the Dungeon
  4376 | D:5      | Noticed an ice beast
  4383 | D:5      | Killed an ice beast
  4555 | D:5      | Your scales start taking on a glossy black colour.
  4555 | D:5      | Reached XP level 7. HP: 50/50 MP: 10/10
  4555 | D:5      | Gained mutation: You are resistant to electric shocks.
                  | (rElec) [Black Draconian growth]
  4715 | D:5      | Found Kecupn's Antique Armour Boutique.
  4950 | D:4      | Reached skill level 9 in Ice Magic
  5066 | D:5      | Reached skill level 1 in Summonings
  5981 | D:5      | Reached XP level 8. HP: 57/57 MP: 12/12
  6001 | D:5      | Found an ancient bone altar of Kikubaaqudgha.
  6194 | D:6      | Noticed Eustachio
  6238 | D:6      | Killed Eustachio
  6261 | D:6      | Noticed Sigmund
  6467 | D:6      | Killed Sigmund
  6515 | D:6      | Reached skill level 5 in Spellcasting
  6521 | D:6      | Learned a level 4 spell: Hailstorm
  6719 | D:6      | Found a blossoming altar of Fedhas.
  6764 | D:6      | Reached skill level 1 in Conjurations
  6968 | D:6      | Found a staircase to the Ecumenical Temple.
  6976 | Temple   | Entered the Ecumenical Temple
  7062 | Temple   | Became a worshipper of Gozag Ym Sagoz the Greedy
  7279 | D:6      | Reached skill level 1 in Shields
  8050 | D:6      | Reached skill level 1 in Long Blades
  8053 | D:6      | Reached XP level 9. HP: 55/62 MP: 16/16
  8384 | D:7      | Slain by a hornet zombie

Illustrated notes

Levels and vault maps discovered:
D:1:      lemuel_arrival_hallway, layout_basic
D:2:      layout_rooms, lemuel_coloured_pillars_altar, marbit_many_paths
D:3:      layout_basic, palyth_stone_intersect
D:4:      layout_loops_ring, minitemple, uniq_crazy_yiuf_cottage
D:5:      layout_basic, kennysheep_vampire_church, serial_shops,
          nicolae_shop_stone
D:6:      layout_basic, overflow_temple_1_default,
          minmay_temple_entry_glassed_door, grunt_ministairs_13, uniq_eustachio,
          uniq_sigmund
D:7:      layout_rooms, old_standard_altar, lemuel_round_altar, enter_ossuary_5,
          okawaru_metal_pillars_1_2
Temple:   oiseaux_autumnal_temple

Skill      XL: |  1  2  3  4  5  6  7  8  9 |
---------------+----------------------------+-----
Ice Magic      | 5 6 7 8 9 |  9.0
Summonings     | 4 |  4.0
Spellcasting   | 5 |  5.0
Conjurations   | 4 |  4.0
Shields        | 2 |  2.9
Long Blades    | 1 2 |  2.9
Maces & Flails | |  0.1
Dodging        | |  1.7
Stealth        | |  1.7

Action                   |  1- 3 |  4- 6 |  7- 9 || total
-------------------------+-------+-------+-------++-------
Melee: Short sword       |   106 |   120 |       ||   226
       Unarmed           |    10 |       |       ||    10
       Tailslap          |    10 |    12 |    22 ||    44
       Club              |     1 |       |       ||     1
       Quarterstaff      |       |     7 |   157 ||   164
       Long sword        |       |       |    41 ||    41
       Spear             |       |       |     3 ||     3
Throw: Boomerang         |     5 |       |       ||     5
       Dart              |       |     1 |       ||     1
 Cast: Freeze            |    27 |    56 |    34 ||   117
       Ozocubu's Armour  |     1 |     3 |     3 ||     7
       Summon Ice Beast  |       |       |     2 ||     2
 Abil: Breathe Lightning |       |       |     7 ||     7
Evoke: Wand              |       |     1 |       ||     1
  Use: Scroll            |     4 |     3 |     8 ||    15
       Potion            |       |       |     3 ||     3
 Stab: Sleeping          |     6 |     5 |     6 ||    17
       Paralysed         |       |     1 |     1 ||     2
       Distracted        |       |       |     1 ||     1
Armor: Skin              |    45 |    71 |   117 ||   233
Dodge: Dodged            |    77 |    99 |   215 ||   391
Block: Kite shield       |       |       |    14 ||    14
       Rpst.: Long sword |       |       |     1 ||     1

Table legend: (Time is in decaauts)
 A = Elapsed time spent in this place.
 B = Non-inter-level travel time spent in this place.
 C = Inter-level travel time spent in this place.
 D = Time resting spent in this place.
 E = Time spent auto-exploring this place.
 F = Levels seen in this place.
 G = Mean time per level.
                   A        B        C        D        E       F      G
               +--------+--------+--------+--------+--------+-----+--------+
         Total |   8483 |   8362 |    121 |   2655 |   3270 |   8 | 1060.4 |
       Dungeon |   8024 |   7903 |    121 |   2463 |   3097 |   7 | 1146.3 |
        Temple |    459 |    459 |      0 |    192 |    173 |   1 |  459.0 |
               +--------+--------+--------+--------+--------+-----+--------+

Top non-repeatable levels by time:
     D:5: 1779 daAuts
     D:6: 1625 daAuts
     D:4: 1589 daAuts
     D:3: 1177 daAuts
     D:1: 1135 daAuts
     D:2: 706 daAuts
  Temple: 459 daAuts
     D:7: 11 daAuts
